 Dungeon Crawl Stone Soup version 0.25-a0-161-gb7fd73da8f (webtiles) character file.

Game seed: 12938192159967374146, levelgen mode: deterministic

449 Leeroy the Slasher (level 6, 0/48 HPs)
             Began as a Draconian Skald on Nov 21, 2019.
             Shot with an arrow by a centaur (11 damage)
             ... on level 7 of the Dungeon.
             The game lasted 00:07:25 (4714 turns).

Leeroy the Slasher (Draconian Skald)                Turns: 4714, Time: 00:07:26

Health: 0/48       AC:  9    Str: 13    XL:     6   Next: 74%
Magic:  9/9        EV: 12    Int: 15    God:
Gold:   193        SH:  0    Dex: 11    Spells: 0/9 levels left

rFire    . . .     SeeInvis .   m - +3 falchion (protect)
rCold    . . .     Gourm    .   (no shield)
rNeg     . . .     Faith    .   (armour unavailable)
rPois    .         Spirit   .   (helmet restricted)
rElec    .         Reflect  .   x - +0 cloak
rCorr    .         Harm     .   (no gloves)
MR       .....                  k - +1 pair of boots
Stlth    +.........             (no amulet)
HPRegen  0.16/turn              (no ring)
MPRegen  0.11/turn              (no ring)

@: glowing
A: unfitting armour, cold-blooded, AC +6
a: no special abilities


You were on level 7 of the Dungeon.
You were not hungry.

You visited 1 branch of the dungeon, and saw 8 of its levels.

You collected 193 gold pieces.

Inventory:

Hand Weapons
 a - a +0 falchion
 m - a +3 falchion of protection (weapon)
Missiles
 h - 22 poisoned darts (quivered)
Armour
 k - a +1 pair of boots (worn)
 x - a +0 cloak (worn)
Jewellery
 n - an uncursed amulet of inaccuracy
 w - an uncursed amulet of the gourmand {unknown}
Scrolls
 d - 6 scrolls of identify
 e - a scroll of enchant weapon
 f - 5 scrolls of remove curse
 g - a scroll of magic mapping {unknown}
 j - a scroll of amnesia {unknown}
 o - a scroll of fear
 p - a scroll of enchant armour
 s - a scroll of teleportation {unknown}
 t - a scroll of blinking {unknown}
Potions
 b - 2 potions of might
 i - a potion of degeneration {unknown}
 l - 3 potions of curing {unknown}
 q - 2 potions of heal wounds
 r - a potion of resistance {unknown}
 u - a potion of berserk rage {unknown}
 v - a potion of flight {unknown}
 A - a potion of lignification {unknown}
Comestibles
 c - 7 rations
 z - a chunk of flesh


   Skills:
 - Level 2.1 Fighting
 + Level 6.7 Long Blades
 - Level 2.1 Dodging
 - Level 2.0 Spellcasting
 - Level 2.4 Hexes
 - Level 2.6 Charms


You couldn't memorise any spells.
You knew the following spells:

 Your Spells              Type           Power        Failure   Level  Hunger
a - Infusion              Chrm           #...         8%          1    #......
b - Spectral Weapon       Hex/Chrm       #.......     24%         3    ###....
c - Shroud of Golubria    Chrm/Tloc      #.....       19%         2    ###....
d - Regeneration          Chrm/Necr      #.........   36%         3    ###....

Your spell library contained the following spells:

 Spells                   Type           Power        Failure   Level  Hunger
 Song of Slaying          Chrm           #.......     11%         2    ###....


Dungeon Overview and Level Annotations

Branches:
Dungeon (8/15)
 Temple: D:4-7         Lair: D:8-11

Altars:
Ashenzari
Cheibriados
Xom

Shops:
D:5 %

Annotations:
D:4 2 runed translucent doors, Zleub's ghost, amateur MfIE
D:5 Menkaure
D:6 Dowan; Duvessa


Innate Abilities, Weirdness & Mutations

Your plain brown scales are hard. (AC +6)
You cannot fit into any form of body armour.
You are cold-blooded and may be slowed by cold attacks.


Message History

As you read the scroll labeled YVERUI GUXELL, it crumbles to dust.
You assume a fearsome visage.
The black bear looks frightened!
The orc looks frightened! x2; The orc warrior looks frightened!
The orc looks frightened!
It was a scroll of fear.
A centaur comes into view.
A hound comes into view.
The hound barks!
The centaur shouts!
The gargoyle hurls a stone arrow at you.
The stone arrow hits you!!
* * * LOW HITPOINT WARNING * * *
The centaur wields a +0 shortbow.
The centaur shoots an arrow.
The arrow hits you.
* * * LOW HITPOINT WARNING * * *
The orc warrior cowers, then darts away.
You see here an arrow.
As you read the scroll labeled ODUKAHIHIE, it crumbles to dust.
It is a scroll of enchant armour.
Your +0 pair of boots glows green for a moment.
The centaur shoots an arrow.
The arrow hits you!
You die...

.. ..# ... ####
##.# ##.o.##
##.h.####.....###
.#<...............
........>.......##
#.....<#.........
.....o.$.#@..c.##
.#######9....o....
#.######### #h#
#.. #h# #.#


You could see an orc warrior (fleeing), a black bear (fleeing), a gargoyle, a
centaur, a hound and an orc (fleeing).

Vanquished Creatures
  An ogre (D:6)
  A centaur zombie (D:6)
  A bullfrog skeleton (D:4)
  An orc priest (D:4)
  A hound (D:4)
  Terence (D:3)
  Robin (D:3)
  9 adders
  3 worms (D:3)
  3 dart slugs
  2 leopard geckos
  11 orcs
  2 ball pythons
  4 giant cockroaches
  18 goblins
  10 hobgoblins
  8 jackals
  2 quokkas (D:3)
  4 bats
  10 frilled lizards
  A jackal skeleton (D:5)
  8 kobolds
  A leopard gecko skeleton (D:4)
  8 rats
111 creatures vanquished.

Vanquished Creatures (others)
  A goblin (D:3)
1 creature vanquished.

Grand Total: 112 creatures vanquished

Notes
Turn   | Place    | Note
-------+----------+-------------------------------------------
     0 | D:1      | Leeroy the Draconian Skald began the quest for the Orb.
     0 | D:1      | Reached XP level 1. HP: 17/17 MP: 3/3
   128 | D:1      | Found a shimmering altar of Xom.
   310 | D:1      | Reached XP level 2. HP: 12/24 MP: 5/5
   396 | D:1      | Reached skill level 3 in Long Blades
   887 | D:2      | Reached XP level 3. HP: 9/29 MP: 6/6
  1173 | D:2      | Learned a level 3 spell: Spectral Weapon
  1176 | D:2      | Learned a level 2 spell: Shroud of Golubria
  1309 | D:2      | Reached skill level 4 in Long Blades
  1375 | D:2      | Found a shattered altar of Ashenzari.
  1393 | D:2      | Reached XP level 4. HP: 14/36 MP: 3/7
  2465 | D:3      | Noticed Terence
  2493 | D:3      | Killed Terence
  2493 | D:3      | Reached skill level 5 in Long Blades
  2508 | D:3      | Reached XP level 5. HP: 17/41 MP: 3/8
  2894 | D:3      | Noticed Robin
  3030 | D:4      | Found a large runed translucent door.
  3031 | D:4      | Found a large runed translucent door.
  3085 | D:4      | Reached skill level 6 in Long Blades
  3554 | D:4      | Noticed Zleub's ghost (amateur MfIE)
  3712 | D:4      | Reached skill level 1 in Hexes
  3712 | D:4      | Reached XP level 6. HP: 42/48 MP: 9/9
  3717 | D:4      | Learned a level 3 spell: Regeneration
  3935 | D:5      | Entered Level 5 of the Dungeon
  3967 | D:5      | Found a snail-covered altar of Cheibriados.
  3981 | D:5      | Noticed Menkaure
  4155 | D:3      | Killed Robin
  4464 | D:5      | Found Orphitear's Food Boutique.
  4700 | D:6      | Noticed Duvessa
  4700 | D:6      | Noticed Dowan
  4704 | D:7      | Noticed a gargoyle
  4707 | D:8      | Noticed an orc warrior
  4714 | D:7      | Shot with an arrow by a centaur

Levels and vault maps discovered:
D:1:      saegor_arrival_simple_d, layout_basic, xom_teletrap_fun
D:2:      layout_basic, first_ration, kennysheep_small_spiral, ashenzari_altar_1
D:3:      layout_basic, uniq_terence, uniq_robin
D:4:      layout_loops_cross, ebering_ghost_disaster_area,
          kennysheep_generic_room_6
D:5:      layout_gridville, kennysheep_mini_moat, serial_shops, shop,
          nicolae_shop_waterfront, shop, kennysheep_slug_shrine, uniq_menkaure
D:6:      layout_loops_ring, minmay_temple_entry_from_below_b, uniq_duvessa
D:7:      layout_loops_ring, hellmonk_ghost_happy_afterlife, amethyst_killhole,
          minmay_misc_feat_room
D:8:      layout_rooms, david_nohive_1, uniq_maurice, uniq_prince_ribbit1,
          uniq_psyche, uniq_grum

Skill      XL: |  1  2  3  4  5  6 |
---------------+-------------------+-----
Long Blades    | 3 4 5 6 |  6.7
Hexes          | 1 2 |  2.4
Fighting       | |  2.1
Dodging        | |  2.1
Spellcasting   | |  2.0
Charms         | |  2.6

Action                   |  1- 3 |  4- 6 || total
-------------------------+-------+-------++-------
Melee: Falchion          |   111 |   235 ||   346
       Tailslap          |    13 |    31 ||    44
 Cast: Spectral Weapon   |     1 |     4 ||     5
       Shroud of Golubri |     1 |     3 ||     4
  Use: Scroll            |     2 |     4 ||     6
 Stab: Sleeping          |       |     1 ||     1
  Eat: Chunk             |     2 |    12 ||    14
Armor: Skin              |    37 |   120 ||   157
Dodge: Dodged            |    84 |   179 ||   263
       Rpst.: Falchion   |    27 |    53 ||    80

Table legend:
 A = Non-vault XP
 B = Vault XP
 C = Vault XP percentage of total XP
 D = Non-vault monster count
 E = Vault monster count
 F = Vault count percentage of total count
                 A         B        C        D         E       F
            +---------+---------+-------+---------+---------+-------
      Total |     573 |      69 |  10.7 |      99 |      12 |  10.8
            +---------+---------+-------+---------+---------+-------
        D:1 |      33 |       0 |   0.0 |      19 |       0 |   0.0
        D:2 |      91 |       0 |   0.0 |      27 |       0 |   0.0
        D:3 |     103 |      59 |  36.4 |      29 |       8 |  21.6
        D:4 |     166 |       6 |   3.5 |      16 |       3 |  15.8
        D:5 |       9 |       4 |  30.8 |       5 |       1 |  16.7
        D:6 |     171 |       0 |   0.0 |       3 |       0 |   0.0
            +---------+---------+-------+---------+---------+-------
